 Dungeon Crawl Stone Soup version 0.17-a0-913-g36eb389 (webtiles) character file.

13040 Zwobot the Nimble (level 11, -5/67 HPs)
             Began as a Deep Elf Chaos Knight on May 3, 2015.
             Was an Elder of Ru.
             Slain by a polar bear (8 damage)
             ... on level 3 of the Lair of Beasts.
             The game lasted 00:56:53 (13698 turns).

Zwobot the Nimble (Deep Elf Chaos Knight)          Turns: 13698, Time: 00:56:54

Health: -5/67      AC: 10    Str:  9    XL:     11   Next: 70%
Magic:  4/13       EV: 20    Int: 23    God:    Ru [****..]
Gold:   793        SH:  0    Dex: 14    Spells: 2 memorised, 5 levels left

rFire  . . .     SeeInvis .     a - +4 dagger (venom)
rCold  + . .     Clarity  .     q - +2 leather armour
rNeg   . . .     SustAb   .     (shield unavailable)
rPois  .         Gourm    .     p - +0 helmet
rElec  .         Spirit   .     k - +0 cloak
rCorr  .         Warding  .     j - +0 pair of gloves
rMut   .         Stasis   .     u - +0 pair of boots
MR     +....                    (no amulet)
Stlth  +++.......               o - ring of protection from cold
                                (ring unavailable)

@: no potions, very slightly contaminated, somewhat resistant to hostile
enchantments, fairly stealthy
A: molten scales 1, clever 1, inability to drink while threatened, missing a
hand
a: Draw Out Power, Power Leap, Renounce Religion


You were on level 3 of the Lair of Beasts.
You worshipped Ru.
Ru was greatly pleased with you.
You were very hungry.

You visited 3 branches of the dungeon, and saw 13 of its levels.

You collected 793 gold pieces.

Inventory:

Hand weapons
 a - a +4 dagger of venom (weapon)
 b - a +6 long sword of electrocution
 s - a +4 scimitar of flaming
 y - a +0 short sword of chaos
 K - a +0 hunting sling
 R - the +5 mace of Abuse {crush, Str+5}
   (You found it on level 8 of the Dungeon)

   It inflicts extra damage upon your enemies.
   It affects your strength (+5).
Missiles
 n - 38 poisoned needles
 B - a throwing net
 C - 33 sling bullets
 F - 2 javelins (quivered)
Armour
 j - a +0 pair of gloves (worn)
 k - a +0 cloak (worn)
 p - a +0 helmet (worn)
 q - a +2 leather armour (worn)
 u - a +0 pair of boots (worn)
Jewellery
 o - a ring of protection from cold (right hand)
 G - an uncursed ring of protection from fire
 H - a cursed amulet of inaccuracy {unknown}
Magical devices
 h - a wand of confusion (39)
 w - a wand of polymorph (14)
 z - a wand of disintegration (5)
 A - a wand of random effects (23)
 Q - a wand of lightning (0)
Scrolls
 e - 3 scrolls of magic mapping
 f - 2 scrolls of amnesia
 g - a scroll of fear
 i - a scroll of noise
 l - 3 scrolls of fog
 t - 4 scrolls of remove curse
 N - a scroll of acquirement {unknown}
 P - a scroll of teleportation
Potions
 d - 3 potions of lignification {unknown}
 r - 2 potions of poison {unknown}
 x - a potion of brilliance {unknown}
 D - a potion of might
 E - 2 potions of cancellation
 I - 2 potions of haste
 J - a potion of mutation {unknown}
Books
 M - a Young Poisoner's Handbook

   Spells                             Type                      Level
   a - Sting                          Conjuration/Poison           1
   b - Cure Poison                    Poison                       2
   c - Mephitic Cloud                 Conjuration/Poison/Air       3
   d - Olgreb's Toxic Radiance        Poison                       4
   e - Venom Bolt                     Conjuration/Poison           5
Comestibles
 c - 6 bread rations
 m - 3 meat rations
 v - 7 fruits
 L - 2 chunks of flesh
 O - a royal jelly


   Skills:
 + Level 7.2 Fighting
 - Level 5.5(7.6) Short Blades
 - Level 7.4(8.1) Long Blades
 - Level 0.7 Armour
 + Level 14.3 Dodging
 - Level 6.0 Stealth
 + Level 3.8 Conjurations
 + Level 3.3 Air Magic
 - Level 2.0 Poison Magic


You had 5 spell levels left.
You knew the following spells:

 Your Spells              Type           Power        Failure   Level  Hunger
a - Cure Poison           Pois           #.........   14%         2    ###....
b - Mephitic Cloud        Conj/Pois/Air  ##......     21%         3    ####...


Dungeon Overview and Level Annotations

Branches:
Dungeon (9/15)             Temple (1/1) D:4            Lair (3/8) D:9
  Swamp (0/4) Lair:3
  Snake: Lair:3-6    Spider: Lair:3-6       Orc: D:9-12

Altars:
Ashenzari
Cheibriados
Dithmenos
Elyvilon
Fedhas
Gozag
Kikubaaqudgha
Makhleb
Nemelex Xobeh
Okawaru
Qazlal
Ru
Sif Muna
Trog
Vehumet
Xom
Yredelemnul
Zin
The Shining One

Annotations:
D:3 hornqvist's ghost, weakling OpAs
D:4 4 runed doors
D:5 exclusion: swamp drake
D:6 Sigmund
D:9 exclusion: troll


Innate Abilities, Weirdness & Mutations

You cannot drink potions while threatened.
You are missing a hand.
You are partially covered in molten scales (AC +1).
Your mind is acute. (Int +2)


Message History

The polar bear is stunned by your will and fails to attack.
Evoke which item? (* to show all) (? for menu, Esc to quit)
Zapping:
Q - a wand of lightning {zapped: 4} (will waste charges)
Press: ? - help, Shift-Dir - straight line, p - polar bear Nothing appears to happen.
The polar bear bites you!
You feel threatened and lose the ability to drink potions!
The polar bear claws you but does no damage.
The polar bear misses you.
Unknown command.
The polar bear bites you!!
* * * LOW HITPOINT WARNING * * *
The polar bear closely misses you.
The polar bear claws you but does no damage.
Use which ability? (? or * to list)
You don't have enough magic at the moment.
Read which item? (? for menu, Esc to quit)
As you read the scroll of fear, it crumbles to dust.
You assume a fearsome visage.
The polar bear looks frightened!
The black bear looks frightened!
The polar bear bites you!
You die...

.#####........# #...######...
...###........# #..P..#.#...
...............# ###...........
#..........##...####.#...........
###.......#.##...#.##......#.####
##......# # #...#......####..# .
##......### #..........#.#.... §.
.#.><..#..P##h........#.#..#. .
........(...@hh.†...P.#....# >
................###P.##...#
............####..#†..#
.............##...†(..#
.......##P....##.##.#.# ....##
##...#..P##.#.# ...
##...#P.#..### ##. ..
#.....(###.# ##.. ##.....# ...


You could see 2 polar bears and a black bear (fleeing).

Vanquished Creatures
  Erica (D:8)
  Pikel (D:4)
  A griffon (Lair:2)
  2 black mambas
  Maurice (D:8)
  A spiny frog (Lair:3)
  5 komodo dragons
  A polar bear (Lair:3)
  A two-headed ogre (D:9)
  2 hippogriffs
  17 yaks
  Eustachio (D:6)
  3 wolves (Lair:2)
  2 soldier ants (D:8)
  7 black bears
  Duvessa (D:5)
  2 water moccasins (Lair:3)
  8 ice beasts (Lair:1)
  7 porcupines
  2 ogres
  3 crocodiles
  2 centaurs (D:6)
  Dowan (D:5)
  8 giant frogs
  6 scorpions
  4 wights
  2 centaur zombies (D:7)
  3 hounds
  2 orc wizards
  2 orc priests (D:8)
  A crimson imp (D:6)
  A giant frog skeleton (D:5)
  Terence (D:2)
  5 worker ants
  Natasha (D:2)
  A quasit (D:9)
  5 iguanas
  An iron imp (D:6)
  2 worker ant zombies (D:8)
  6 adders
  34 river rats
  An ooze (D:5)
  An adder skeleton (D:4)
  2 adder zombies
  A worm (D:6)
  20 orcs
  2 bat skeletons
  2 giant cockroaches
  11 goblins
  8 hobgoblins
  7 jackals
  3 ball pythons
  12 bats
  8 giant geckos
  A giant gecko zombie (D:8)
  9 giant newts
  12 kobolds
  2 quokkas
  A quokka skeleton (D:3)
  A quokka zombie (D:7)
  15 rats
276 creatures vanquished.

Vanquished Creatures (others)
  A yak (Lair:3)
  A worker ant (D:4)
  A jackal (D:1)
  A plant (Lair:3)
4 creatures vanquished.

Grand Total: 280 creatures vanquished

Notes
Turn   | Place    | Note
--------------------------------------------------------------
     0 | D:1      | Zwobot, the Deep Elf Chaos Knight, began the quest for the Orb.
     0 | D:1      | Reached XP level 1. HP: 13/13 MP: 3/3
   188 | D:1      | XOM: divination: detect creatures
   317 | D:1      | Reached skill level 1 in Stealth
   431 | D:1      | Reached XP level 2. HP: 11/18 MP: 4/4
   706 | D:1      | XOM is BORED!
   706 | D:1      | XOM: noise
  1020 | D:1      | XOM: give mutations
  1020 | D:1      | Gained mutation: Your system is resistant to poisons. [Xom's mischief]
  1020 | D:1      | Lost mutation: Your system is resistant to poisons. [Xom's mischief]
  1020 | D:1      | Gained mutation: You are partially covered in molten scales (AC +1). [Xom's mischief]
  1020 | D:1      | Gained mutation: Your mind is acute. (Int +2) [Xom's mischief]
  1508 | D:2      | Noticed Natasha
  1578 | D:2      | XOM: mild Divn miscast
  1607 | D:2      | Noticed Terence
  1612 | D:2      | Killed Terence
  1612 | D:2      | Reached XP level 3. HP: 22/22 MP: 5/5
  1859 | D:2      | XOM: harmless Pois miscast
  1860 | D:2      | Killed Natasha
  1860 | D:2      | Reached skill level 4 in Dodging
  1860 | D:2      | Reached XP level 4. HP: 27/27 MP: 6/6
  2048 | D:3      | Noticed hornqvist's ghost (weakling OpAs)
  2333 | D:3      | XOM: enchant monster (bad)
  2463 | D:3      | XOM: summons 3 hostile shadow creatures
  2497 | D:3      | XOM: noise
  2562 | D:4      | Found a runed door.
  2562 | D:4      | Found a runed door.
  2564 | D:4      | Noticed a giant frog
  2565 | D:4      | Found a runed door.
  2574 | D:4      | Killed a giant frog
  2574 | D:4      | Reached XP level 5. HP: 31/31 MP: 7/7
  2628 | D:4      | XOM: confuse monster(s)
  2763 | D:3      | XOM: chaos cloud
  2769 | D:3      | Reached skill level 5 in Dodging
  2772 | D:3      | XOM: summons 4 hostile shadow creatures
  2863 | D:3      | XOM: 3-stop teleportation journey
  2893 | D:3      | XOM: medium Chrm miscast
  2898 | D:3      | XOM: confuse monster(s)
  2900 | D:3      | XOM: noise
  2918 | D:3      | XOM: stat loss: -1 Int (19/20)
  3183 | D:4      | Found a staircase to the Ecumenical Temple.
  3189 | D:4      | Reached XP level 6. HP: 36/36 MP: 8/8
  3200 | Temple   | Entered the Ecumenical Temple
  3274 | Temple   | XOM: harmless Divn miscast
  3313 | Temple   | Fell from the grace of Xom
  3313 | Temple   | Became a worshipper of Ru the Awakened
  3364 | D:4      | Noticed a slave
  3365 | D:4      | Noticed a slave
  3365 | D:4      | Noticed Pikel
  3366 | D:4      | Noticed a slave
  3367 | D:4      | Noticed a slave
  3413 | D:4      | Killed Pikel
  3413 | D:4      | Reached skill level 5 in Short Blades
  3413 | D:4      | Reached skill level 7 in Dodging
  3413 | D:4      | Reached skill level 5 in Stealth
  3413 | D:4      | Reached XP level 7. HP: 23/40 MP: 9/9
  3580 | D:4      | Found a runed door.
  3651 | D:4      | XOM: mild Ice miscast
  3807 | D:5      | Entered Level 5 of the Dungeon
  3810 | D:5      | XOM: medium Necr miscast
  3821 | D:5      | XOM: mild Tloc miscast
  4214 | D:5      | XOM: polymorph hound -> swamp drake
  4341 | D:5      | Found a burning altar of Makhleb.
  4419 | D:5      | Reached skill level 8 in Dodging
  4473 | D:5      | XOM: medium Necr miscast
  4720 | D:5      | XOM: torment (21/40 hp)
  4875 | D:6      | Noticed Duvessa
  4875 | D:6      | Noticed Dowan
  4895 | D:5      | Killed Duvessa
  4895 | D:5      | Reached XP level 8. HP: 45/45 MP: 10/10
  4989 | D:5      | Killed Dowan
  5023 | D:6      | Noticed Eustachio
  5055 | D:6      | Killed Eustachio
  5055 | D:6      | Reached skill level 9 in Dodging
  5159 | D:6      | Found a white marble altar of Elyvilon.
  5160 | D:6      | Found a sparkling altar of Nemelex Xobeh.
  5507 | D:6      | Noticed Sigmund
  5664 | D:7      | Found a shattered altar of Ashenzari.
  5764 | D:7      | XOM: 4-stop teleportation journey
  5826 | D:7      | Reached skill level 10 in Dodging
  6660 | D:7      | Found a deep blue altar of Sif Muna.
  6660 | D:7      | Found a glowing silver altar of Zin.
  6660 | D:7      | Found an opulent altar of Gozag.
  6795 | D:8      | XOM: noise
  6845 | D:8      | Reached XP level 9. HP: 41/52 MP: 11/11
  7014 | D:8      | Noticed Maurice
  7032 | D:8      | Killed Maurice
  7082 | D:8      | Noticed Erica
  7084 | D:8      | Reached skill level 11 in Dodging
  7147 | D:8      | Killed Erica
  7453 | D:8      | XOM: chaos cloud
  7479 | D:8      | XOM: torment (28/53 hp)
  7610 | D:7      | XOM: stat loss: -1 Int (22/23)
  7673 | D:8      | XOM: medium Tloc miscast
  7755 | D:8      | Reached skill level 5 in Fighting
  7808 | D:8      | Found a sparkling altar of Nemelex Xobeh.
  8184 | D:8      | Gained mutation: You are missing a hand. [Ru sacrifice]
  8184 | D:8      | Acquired Ru's first power
  8184 | D:8      | Acquired Ru's second power
  8184 | D:8      | Acquired Ru's third power
  8228 | D:8      | Got a blackened mace
  8229 | D:8      | Identified the +5 mace of Abuse {crush, Str+5} (You found it on level 8 of the Dungeon)
  8454 | D:9      | Found a deep blue altar of Sif Muna.
  8454 | D:9      | Found a staircase to the Lair.
  8456 | D:9      | Reached skill level 12 in Dodging
  8456 | D:9      | Reached XP level 10. HP: 59/59 MP: 12/12
  8597 | Lair:1   | Entered Level 1 of the Lair of Beasts
  8689 | Lair:1   | XOM: noise
  8826 | Lair:1   | XOM: mild Fire miscast
  8969 | Lair:1   | XOM: enchant monster (bad)
  8980 | Lair:1   | XOM: noise
  8983 | Lair:1   | Reached skill level 5 in Long Blades
  9858 | Lair:1   | Noticed a black mamba
  9867 | Lair:1   | Killed a black mamba
 10000 | Lair:1   | Reached skill level 13 in Dodging
 10047 | Lair:1   | XOM: mild Ice miscast
 11062 | Lair:2   | Gained mutation: You cannot drink potions while threatened. [Ru sacrifice]
 11062 | Lair:2   | Acquired Ru's fourth power
 11082 | Lair:2   | Noticed a black mamba
 11082 | Lair:2   | Reached XP level 11. HP: 55/65 MP: 7/13
 11244 | Lair:2   | Killed a black mamba
 11252 | Lair:2   | Noticed a griffon
 11263 | Lair:2   | Killed a griffon
 11276 | Lair:2   | Learned a level 2 spell: Cure Poison
 11280 | Lair:2   | Learned a level 3 spell: Mephitic Cloud
 11308 | Lair:2   | XOM: silly message
 11497 | Lair:2   | XOM: silly message
 11694 | Lair:2   | XOM: silly message
 11719 | Lair:2   | XOM: harmless Necr miscast
 12131 | Lair:2   | Reached skill level 1 in Conjurations
 12131 | Lair:2   | Reached skill level 1 in Air Magic
 12131 | Lair:2   | Reached skill level 1 in Poison Magic
 12235 | Lair:2   | XOM: harmless Tloc miscast
 12365 | Lair:2   | XOM: harmless Summ miscast
 12821 | Lair:3   | Found a staircase to the Swamp.
 12975 | Lair:3   | Reached skill level 14 in Dodging
 13077 | Lair:3   | XOM: harmless Trmt miscast
 13077 | Lair:3   | Was forgiven by Xom
 13697 | Lair:3   | HP: 2/67 [polar bear (26)]
 13698 | Lair:3   | Slain by a polar bear

Action                   |  1- 3 |  4- 6 |  7- 9 | 10-12 || total
-------------------------+-------+-------+-------+-------++-------
Melee: Short sword       |    87 |    21 |       |       ||   108
       Dagger            |       |   107 |   207 |   179 ||   493
       Long sword        |       |       |    73 |   285 ||   358
 Fire: Hunting sling     |       |     9 |     8 |       ||    17
Throw: Stone             |       |     1 |     1 |       ||     2
       Javelin           |       |       |       |    10 ||    10
 Cast: Mephitic Cloud    |       |       |       |     2 ||     2
Invok: Reject Sacrifices |       |       |     1 |       ||     1
       Sacrifice a Hand  |       |       |     1 |       ||     1
       Power Leap        |       |       |       |     3 ||     3
       Sacrifice Drink   |       |       |       |     1 ||     1
Evoke: Wand              |       |     1 |     8 |     3 ||    12
  Use: Scroll            |       |    10 |     9 |     6 ||    25
       Potion            |       |     2 |     1 |       ||     3
 Stab: Sleeping          |     1 |     2 |    16 |     8 ||    27
       Distracted        |       |       |     1 |     1 ||     2
       Confused          |       |       |       |     2 ||     2
       Invisible         |       |       |       |     3 ||     3
  Eat: Chunk             |     3 |     5 |    12 |     8 ||    28
       Fruit             |       |       |     3 |     3 ||     6
       Pizza             |       |       |     1 |       ||     1
       Bread ration      |       |       |       |     1 ||     1
       Beef jerky        |       |       |       |     1 ||     1
